 Dungeon Crawl Stone Soup version 0.22-a0-355-g201945f (webtiles) character file.

8411 galech the Grappler (level 11, -7/111 HPs)
             Began as a Troll Monk on Apr 17, 2018.
             Was a High Priest of Okawaru.
             Mangled by a gargoyle
             ... wielding a +0 mace
              (15 damage)
             ... on level 10 of the Dungeon.
             The game lasted 00:13:10 (6970 turns).

galech the Grappler (Troll Monk)                    Turns: 6970, Time: 00:13:11

Health: -7/111     AC:  9    Str: 24    XL:     11   Next: 9%
Magic:  8/10       EV: 16    Int:  6    God:    Okawaru [*****.]
Gold:   288        SH:  0    Dex: 12    Spells: 10/10 levels left

rFire    . . .     SeeInvis .     - Unarmed
rCold    . . .     Gourm    +   (no shield)
rNeg     . . .     Faith    .   B - +0 troll leather armour
rPois    .         Spirit   .   F - +0 hat {MR+}
rElec    +         Reflect  .   (no cloak)
rCorr    +         Harm     +   (gloves unavailable)
MR       +....                  (boots unavailable)
Stlth    +++.......             d - amulet of harm
HPRegen  1.08/turn              a - ring of resist corrosion
MPRegen  0.12/turn              (no ring)

@: about to teleport, heroism, slowed, very slow
A: large, unfitting armour, claws 3, fast metabolism 3, gourmand, regeneration
1, shaggy fur 1, electricity resistance, tough skin 2, wild magic 1
a: Heroism, Finesse, Renounce Religion


You were on level 10 of the Dungeon.
You worshipped Okawaru.
Okawaru was extremely pleased with you.
You were completely stuffed.

You visited 2 branches of the dungeon, and saw 11 of its levels.
You also visited: Ossuary.

You collected 770 gold pieces.
You spent 482 gold pieces at shops.

Inventory:

Armour
 w - a +2 robe of magic resistance
 B - a +0 troll leather armour (worn)
 F - a +0 hat of magic resistance (worn)
 G - a +0 shield
Jewellery
 a - a ring of resist corrosion (left claw)
 d - an amulet of harm (around neck)
Wands
 o - a wand of polymorph (38)
 D - a wand of flame (51)
 E - a wand of disintegration (3)
 J - a wand of digging (7)
Scrolls
 h - 2 scrolls of immolation
 i - 7 scrolls of teleportation
 l - 3 scrolls of fog
 m - 2 scrolls of fear
 n - 3 scrolls of enchant weapon
 p - 5 scrolls of amnesia
 s - 2 scrolls of remove curse
 y - a scroll of blinking
 C - a scroll of enchant armour
 H - a scroll of magic mapping {unknown}
 I - a scroll of identify
 K - 2 scrolls of noise {unknown}
Potions
 c - 3 potions of haste
 e - 2 potions of lignification
 f - 2 potions of cancellation {unknown}
 g - a potion of resistance {unknown}
 j - 4 potions of curing
 q - 4 potions of might {unknown}
 r - 2 potions of degeneration {unknown}
 t - 3 potions of agility
 u - 3 potions of brilliance {unknown}
 v - 8 potions of heal wounds
 x - 2 potions of berserk rage {unknown}
 z - 2 potions of flight {unknown}
 A - 2 potions of experience {unknown}
Comestibles
 b - 25 rations
 k - 3 chunks of flesh


   Skills:
 + Level 7.8(12.8) Fighting
 + Level 6.0(11.0) Armour
 + Level 7.8(12.8) Dodging
 - Level 1.4(6.4) Stealth
 + Level 9.9(14.9) Unarmed Combat


You had 10 spell levels left.
You didn't know any spells.

Dungeon Overview and Level Annotations

Branches:
Dungeon (10/15)            Temple (1/1) D:6
   Lair: D:8-11         Orc: D:9-12

Altars:
Dithmenos
Elyvilon
Fedhas
Gozag
Hepliaklqana
Kikubaaqudgha
Makhleb
Okawaru
Ru
Sif Muna
Vehumet
Xom
Yredelemnul
The Shining One

Shops:
D:5 ![*   D:8 *

Annotations:
D:10 Josephine


Innate Abilities, Weirdness & Mutations

You are too large for most types of armour.
You have claws for hands.
Your metabolism is lightning-fast.
You like to eat raw meat.
Your natural rate of healing is unusually fast.
You are covered in fur. (AC +1)
You have very tough skin. (AC +2)
You are resistant to electric shocks. (rElec)
Your spells are a little harder to cast, but a little more powerful.


Message History

You are too injured to fight recklessly!
You are too injured to fight recklessly!
You claw Josephine!
Josephine is almost dead.
The gargoyle hits you with a mace! The wraith completely misses you.
Josephine hits you with an enchanted dagger.
You claw Josephine!
Josephine is almost dead.
The gargoyle hits you with a mace.
* * * LOW HITPOINT WARNING * * *
The wraith hits you.
* * * LOW HITPOINT WARNING * * *
Josephine is infused with unholy energy.
* * * LOW HITPOINT WARNING * * *
Josephine draws life force from you and is healed!
As you read the scroll of teleportation, it crumbles to dust.
You feel strangely unstable. The wraith hits you!
* * * LOW HITPOINT WARNING * * *
Josephine barely misses you. The gargoyle hits you with a mace!
You die...

#.#........
.........
#.#........
.......#.
#.#........ .......
.## #.#........
$...... ..#
#.#........ .......
#.# #.#........
.....$. #.##
#.'........
......9##..#
#.#........
.....WW@...#
#.##'######
......@##..###)##.#
≈.....< #..)##.##.#
≈≈..... #...)..##.#
≈######
#.#.#..##.######
#...............
#......####.....
#.......# #.....
#....[.## #.....


You could see Josephine, 2 wraiths and a gargoyle.

Vanquished Creatures
  A two-headed ogre (D:9)
  Urug (D:10)
  A troll (D:9)
  A hippogriff (D:7)
  A dream sheep (D:8)
  The ghost of VDreamerV the Changer, an amateur OpTm of the Shining One (D:4)
  2 wraiths (D:10)
  2 yaks (D:8)
  A wyvern (D:9)
  Edmund (D:5)
  Menkaure (D:7)
  The ghost of mhoghedin the Sneak, an amateur KoAr (D:3)
  3 sky beasts
  4 orc warriors
  2 black bears
  A necrophage (D:9)
  An ice beast (D:10)
  7 ogres
  6 centaurs
  Blork the orc (D:4)
  4 big kobolds
  2 gnoll sergeants
  3 bullfrogs
  4 scorpions
  6 killer bees (D:5)
  4 howler monkeys (D:9)
  2 wights (D:8)
  3 crimson imps
  2 bullfrog zombies
  A centaur zombie (D:7)
  2 gnoll shamans
  2 jellies
  4 hounds
  5 orc priests
  2 centaur skeletons
  6 bullfrog skeletons
  4 iguanas
  7 orc wizards
  10 worker ants
  Natasha (thrice) (D:2)
  A big kobold zombie (Ossuary)
  A hound skeleton (D:4)
  8 mummies (Ossuary)
  20 gnolls
  8 adders
  A shadow imp (D:9)
  2 oozes
  An adder skeleton (D:8)
  4 worms
  A dart slug (D:4)
  2 leopard geckos
  24 orcs
  A ball python (D:6)
  7 giant cockroaches
  2 gnoll zombies (Ossuary)
  6 hobgoblins
  2 jackals (D:3)
  A quokka (D:4)
  2 bats
  11 frilled lizards
  4 goblins
  17 kobolds
  2 kobold zombies (Ossuary)
  2 leopard gecko skeletons
  3 orc zombies (Ossuary)
  A quokka skeleton (D:6)
  8 rats
257 creatures vanquished.

Notes
Turn   | Place    | Note
-------+----------+-------------------------------------------
     0 | D:1      | galech the Troll Monk began the quest for the Orb.
     0 | D:1      | Reached XP level 1. HP: 22/22 MP: 0/0
   269 | D:1      | Reached XP level 2. HP: 24/29 MP: 1/1
   599 | D:2      | Noticed Natasha
   609 | D:2      | Killed Natasha
   609 | D:2      | Reached XP level 3. HP: 17/36 MP: 2/2
   616 | D:2      | Noticed Natasha
   653 | D:2      | Killed Natasha
   653 | D:2      | Reached XP level 4. HP: 18/45 MP: 3/3
   721 | D:2      | Noticed Natasha
   730 | D:2      | HP: 2/45 [white imp/puff of frost[Natasha] (9)]
   732 | D:2      | Killed Natasha
   732 | D:2      | Reached skill level 4 in Unarmed Combat
  1318 | D:3      | Noticed mhoghedin's ghost (amateur KoAr)
  1328 | D:3      | Killed mhoghedin's ghost
  1328 | D:3      | Reached XP level 5. HP: 30/53 MP: 4/4
  1333 | D:3      | Reached skill level 5 in Unarmed Combat
  1381 | D:3      | Found a blossoming altar of Fedhas.
  1463 | D:3      | Noticed an ogre
  1469 | D:3      | Killed an ogre
  1469 | D:3      | Reached XP level 6. HP: 61/61 MP: 5/5
  2012 | D:4      | Noticed VDreamerV's ghost (amateur OpTm)
  2128 | D:4      | Reached XP level 7. HP: 48/70 MP: 6/6
  2234 | D:4      | Killed VDreamerV's ghost
  2234 | D:4      | Reached skill level 6 in Unarmed Combat
  2388 | D:4      | Noticed Blork the orc
  2397 | D:4      | Killed Blork the orc
  2410 | D:4      | Found a sand-covered staircase.
  2417 | Ossuary  | Entered an ossuary
  2468 | Ossuary  | Reached XP level 8. HP: 31/79 MP: 7/7
  3244 | D:5      | Entered Level 5 of the Dungeon
  3372 | D:5      | Noticed Edmund
  3381 | D:5      | Killed Edmund
  3381 | D:5      | Reached skill level 5 in Fighting
  3381 | D:5      | Reached skill level 1 in Armour
  3414 | D:5      | Reached skill level 5 in Dodging
  3429 | D:5      | Reached skill level 7 in Unarmed Combat
  3522 | D:5      | Found Nycvej's Distillery.
  3551 | D:5      | Bought 2 potions of heal wounds for 150 gold pieces
  3551 | D:5      | Bought a potion of curing for 45 gold pieces
  3583 | D:5      | Found Saaxidof's Antique Armour Boutique.
  3600 | D:5      | Bought a glowing hat for 189 gold pieces
  3642 | D:5      | Found Gont's General Store.
  3652 | D:5      | Bought a scroll of identify for 28 gold pieces
  3652 | D:5      | Bought a potion of heal wounds for 70 gold pieces
  4096 | D:6      | Reached XP level 9. HP: 87/89 MP: 8/8
  4291 | D:6      | Found a staircase to the Ecumenical Temple.
  4308 | Temple   | Entered the Ecumenical Temple
  4412 | Temple   | Became a worshipper of Warmaster Okawaru
  4412 | Temple   | Reached * piety under Okawaru
  4412 | Temple   | Reached ** piety under Okawaru
  4695 | D:6      | Reached skill level 8 in Unarmed Combat
  4772 | D:7      | Gained mutation: Your spells are a little harder to cast, but a little more powerful. [potion of mutation]
  4772 | D:7      | Gained mutation: You are resistant to electric shocks. (rElec) [potion of mutation]
  4911 | D:7      | Noticed Menkaure
  4917 | D:7      | Killed Menkaure
  5154 | D:7      | Found a sacrificial altar of Ru.
  5363 | D:8      | Found an opulent altar of Gozag.
  5366 | D:8      | Found Gozag's Platinum Reserve.
  5522 | D:8      | Reached XP level 10. HP: 72/100 MP: 9/9
  5549 | D:8      | Reached *** piety under Okawaru
  5758 | D:8      | Reached skill level 9 in Unarmed Combat
  5941 | D:9      | Reached skill level 5 in Armour
  5942 | D:9      | Reached **** piety under Okawaru
  6360 | D:9      | Noticed a two-headed ogre
  6367 | D:9      | Killed a two-headed ogre
  6367 | D:9      | Reached ***** piety under Okawaru
  6663 | D:10     | Entered Level 10 of the Dungeon
  6663 | D:10     | Noticed Urug
  6672 | D:10     | Killed Urug
  6672 | D:10     | Reached XP level 11. HP: 67/110 MP: 7/10
  6925 | D:10     | Noticed Josephine
  6970 | D:10     | Mangled by a gargoyle

Vault maps used:
D:1:      minmay_arrival_four_loops, st_stairs_9
D:2:      first_ration, uniq_natasha
D:3:      kb_forest_paths, old_standard_altar
D:4:      chequers_ossuary_entry_cave, kennysheep_dice, uniq_blork_the_orc
D:5:      serial_shops, nicolae_shop_statue_plus, nicolae_shop_crystal,
          shop_fountains, uniq_edmund
D:6:      minmay_temple_entry_trees
D:7:      basic_altar, uniq_menkaure
D:8:      hangedman_ranch, nicolae_gozag_zags_fifth_avenue
D:10:     minmay_holes, uniq_urug, uniq_josephine, uniq_sonja
Temple:   kilobyte_greek_temple
Ossuary:  ossuary_tomb_3

Skill      XL: |  1  2  3  4  5  6  7  8  9 10 11 |
---------------+----------------------------------+-----
Fighting       | 3 4 5 6 7 |  7.8
Dodging        | 3 4 5 6 7 |  7.8
Unarmed Combat | 4 5 6 7 8 9 |  9.9
Armour         | 2 4 5 6 |  6.0
Stealth        | |  1.4

Action                   |  1- 3 |  4- 6 |  7- 9 | 10-12 || total
-------------------------+-------+-------+-------+-------++-------
Melee: Unarmed           |    46 |   134 |   395 |   207 ||   782
       Punch             |       |       |    12 |     7 ||    19
Invok: Heroism           |       |       |       |     3 ||     3
  Use: Scroll            |       |       |    12 |     2 ||    14
       Potion            |       |       |     1 |       ||     1
 Stab: Sleeping          |       |     2 |     2 |     1 ||     5
       Distracted        |       |       |     1 |       ||     1
  Eat: Chunk             |    12 |    13 |    31 |    14 ||    70
Armor: Robe              |    17 |    38 |    16 |       ||    71
       Troll leather arm |       |       |    88 |    38 ||   126
Dodge: Dodged            |    20 |    69 |   236 |    88 ||   413

Table legend:
 A = Spawn XP
 B = Non-spawn XP
 C = Spawn XP percentage of total XP
 D = Spawn monster count
 E = Non-spawn monster count
 F = Spawn count percentage of total count
 G = Total turns spent on level
                    A         B        C        D         E        F      G
               +---------+---------+-------+---------+---------+-------+---------
         Total |       0 |   12017 |   0.0 |       0 |     257 |   0.0 |  6970
               +---------+---------+-------+---------+---------+-------+---------
           D:1 |       0 |      24 |   0.0 |       0 |      15 |   0.0 |   618
           D:2 |       0 |     141 |   0.0 |       0 |      19 |   0.0 |   499
           D:3 |       0 |     359 |   0.0 |       0 |      23 |   0.0 |   985
           D:4 |       0 |     891 |   0.0 |       0 |      26 |   0.0 |   856
           D:5 |       0 |     848 |   0.0 |       0 |      17 |   0.0 |   637
           D:6 |       0 |    1233 |   0.0 |       0 |      28 |   0.0 |   694
           D:7 |       0 |    1334 |   0.0 |       0 |      29 |   0.0 |   649
           D:8 |       0 |    1754 |   0.0 |       0 |      24 |   0.0 |   489
           D:9 |       0 |    3395 |   0.0 |       0 |      42 |   0.0 |   814
          D:10 |       0 |    1864 |   0.0 |       0 |      18 |   0.0 |   307
       Ossuary |       0 |     174 |   0.0 |       0 |      16 |   0.0 |   286
               +---------+---------+-------+---------+---------+-------+---------
